Map: Ruínas de Endion

Players

FoolOfaTooK - Winner!

  • Race: Zerg Zerg
  • League: Grandmaster

TheZergLord

  • Race: Zerg Zerg
  • League: Master

VOD

Have the link to the VOD?

Description

Time

  • Played on: April 26, 2016, 1:56 p.m.
  • Length: 10:04
Show
View Real Time Build Order
Export as new Build Order

FoolOfaTooK Zerg - Winner!

Build Orders: Hatch First 

Get SALT Encoding   

  12  0:09  Drone  
  12  0:13  Overlord  
  13  0:19  Drone  
  14  0:32  Drone x2  
  17  0:42  Drone  
  17  0:53  Drone  
  18  0:58  Hatchery  
  17  1:09  Spawning Pool  
  16  1:12  Drone  
  17  1:21  Drone  
  18  1:27  Overlord  
  18  1:57  Zergling x6  
  18  1:58  Queen  
  23  2:09  Zergling x2  
  23  2:10  Queen  
  23  2:11  Zergling x2  
  27  2:22  Drone  
  28  2:23  Drone  
  29  2:30  Drone  
  29  2:33  Drone  
  29  2:35  Hatchery  
  30  2:43  Zergling x2  
  30  2:44  Zergling x2  
  27  2:52  Zergling x2  
  27  2:54  Queen  
  27  2:55  Spine Crawler  
  30  2:58  Zergling x2  
  30  3:02  Queen  
  30  3:14  Zergling x6  
  30  3:16  Zergling x4  
  26  3:27  Zergling x4  
  26  3:32  Drone  
  29  3:39  Drone  
  30  3:44  Drone  
  30  3:49  Drone  
  30  3:51  Drone  
  32  3:57  Drone  
  32  3:58  Drone  
  34  4:05  Drone  
  34  4:08  Drone x2  
  37  4:11  Extractor  
  37  4:14  Extractor  
  35  4:18  Drone  
  35  4:21  Drone  
  37  4:25  Drone x2  
  39  4:32  Drone  
  39  4:34  Drone x2  
  42  4:40  Overlord  
  42  4:52  Drone  
  41  4:55  Drone x2  
  41  4:57  Drone x2  
  41  5:03  Drone x2  
  41  5:04  Overlord, Evolution Chamber  
  41  5:05  Drone  
  43  5:10  Drone  
  43  5:13  Drone x2  
  46  5:19  Lair  
  46  5:21  Drone  
  46  5:23  Drone  
  46  5:25  Drone  
  49  5:29  Drone x2  
  49  5:34  Zerg Missile Weapons Level 1, Extractor  
  49  5:35  Drone  
  51  5:37  Drone  
  51  5:39  Drone  
  51  5:40  Drone  
  51  5:42  Drone  
  55  5:43  Drone  
  55  5:46  Drone  
  57  5:50  Roach Warren  
  56  5:59  Drone  
  56  6:00  Overlord  
  57  6:05  Overlord  
  57  6:06  Overlord, Extractor  
  57  6:07  Drone  
  57  6:15  Overlord x2  
  57  6:20  Drone x2  
  57  6:21  Drone  
  57  6:23  Drone x3  
  57  6:25  Drone  
  64  6:31  Drone  
  64  6:32  Drone x6  
  71  6:33  Glial Reconstitution  
  71  6:34  Overseer  
  73  6:40  Roach x3, Hydralisk Den  
  73  6:46  Roach x2  
  73  6:47  Roach  
  82  6:51  Extractor  
  82  6:53  Extractor  
  80  7:00  Overlord x2  
  80  7:02  Roach x3  
  80  7:03  Roach x2  
  80  7:08  Roach x3  
  96  7:16  Overlord x2  
  96  7:17  Overlord  
  96  7:18  Zergling x2  
  96  7:20  Roach x3  
  103  7:23  Ravager x3  
  103  7:25  Roach  
  108  7:33  Roach x2  
  112  7:41  Roach  
  112  7:42  Roach x6  
  111  7:49  Roach x3  
  111  7:50  Roach  
  99  7:53  Roach  
  93  8:01  Roach x3  
  97  8:06  Spine Crawler  
  97  8:07  Spine Crawler, Roach x2  
  97  8:12  Roach x2  
  93  8:17  Roach  
  93  8:18  Roach x2  
  91  8:22  Queen  
  91  8:24  Roach  
  91  8:26  Roach  
  91  8:30  Roach  
  96  8:34  Roach x2  
  96  8:40  Roach x2  
  96  8:47  Roach x5  
  96  8:48  Roach x2  
  110  8:51  Ravager x3  
  113  8:57  Overlord  
  113  8:59  Roach x3  
  119  9:03  Queen  
  121  9:15  Roach x3  
  121  9:16  Roach x3  
  131  9:24  Roach x3  
  114  9:34  Roach  
  114  9:35  Roach x5  
  122  9:45  Roach x2  
Show
View Real Time Build Order
Export as new Build Order

TheZergLord Zerg 

Build Orders: Pool First 

Get SALT Encoding   

  12  0:01  Drone  
  13  0:09  Drone  
  14  0:18  Extractor  
  14  0:19  Drone  
  14  0:32  Spawning Pool  
  14  0:35  Drone  
  14  0:44  Extractor  
  14  0:45  Drone  
  15  0:51  Overlord  
  15  1:11  Drone x2  
  17  1:20  Queen  
  17  1:21  Metabolic Boost  
  19  1:27  Zergling x2  
  19  1:30  Zergling x2  
  21  1:34  Zergling x2  
  22  1:46  Baneling Nest  
  21  1:48  Overlord  
  21  1:56  Zergling x2  
  22  2:08  Zergling x2  
  23  2:17  Zergling x2  
  24  2:27  Zergling x2  
  25  2:33  Zergling x6  
  25  2:51  Baneling  
  25  2:52  Baneling x3  
  25  3:00  Hatchery  
  25  3:05  Zergling x8  
  26  3:15  Zergling x2  
  22  3:27  Drone x2  
  22  3:33  Queen  
  26  3:38  Zergling x2  
  26  3:40  Baneling x2  
  26  3:56  Drone x3  
  26  3:59  Overlord  
  29  4:12  Drone x2  
  31  4:21  Drone  
  31  4:22  Drone x2  
  34  4:24  Drone x2  
  36  4:37  Drone x2  
  38  4:49  Hatchery  
  35  4:53  Drone  
  35  4:57  Baneling  
  35  4:58  Zergling x6  
  35  4:59  Zergling x4  
  38  5:06  Roach Warren  
  37  5:10  Overlord  
  37  5:12  Drone  
  38  5:16  Drone x2  
  38  5:19  Drone  
  41  5:25  Drone x2  
  43  5:34  Drone  
  43  5:35  Drone x5  
  49  5:37  Extractor  
  48  5:44  Overlord x2  
  48  5:55  Overlord x2  
  48  6:02  Roach  
  48  6:03  Roach x3  
  56  6:07  Roach  
  56  6:08  Roach  
  62  6:11  Roach  
  62  6:16  Queen  
  62  6:18  Roach  
  66  6:23  Roach x2  
  70  6:30  Roach x2  
  70  6:31  Roach  
  76  6:34  Roach x2  
  76  6:37  Roach  
  82  6:45  Overlord x2  
  82  6:46  Zergling x2  
  84  6:47  Zergling x2  
  84  6:49  Ravager x2  
  84  6:50  Ravager x2  
  88  7:05  Zergling x18  
  88  7:06  Zergling x2  
  98  7:13  Ravager  
  99  7:16  Roach  
  101  7:32  Roach  
  101  7:33  Roach  
  92  7:51  Zergling x22  
  93  8:06  Roach x5  
  93  8:07  Roach  
  90  8:25  Roach x5  
  90  8:26  Roach x2  
  90  8:30  Roach x3  
  90  8:31  Zergling x8  
  90  8:32  Zergling x4  
  96  8:39  Roach  
  90  8:46  Roach  
  90  8:47  Roach  
  89  8:50  Zergling x2  
  89  8:52  Zergling x4  
  92  8:57  Ravager  
  92  9:01  Extractor  
  92  9:02  Drone x2  
  94  9:03  Drone  
  78  9:26  Roach x4  
  78  9:27  Zergling x4, Roach x3  
  78  9:28  Zergling x6  
  69  9:39  Roach x2  
  69  9:40  Roach  
  69  9:45  Roach x2  
  79  9:46  Zergling x12  
  79  9:47  Zergling x2  
Tags
 
Add a new tag
Caveats
  • Supply blocks, unpowered buildings, or Contaminate may cause inaccurate times.
  • Supply counts are checked every 10 seconds.